 Dungeon Crawl Stone Soup version 0.31.0-9-g3a7656b989 (webtiles) character file.

Game seed: 7723178624896012578

34 qw the Shooter (level 3, -2/20 HPs)
             Began as a Deep Elf Hunter on Feb 2, 2024.
             Slain by Jessica
             ... wielding a +0 club
              (3 damage)
             ... on level 1 of the Dungeon.
             The game lasted 00:00:03 (821 turns).

qw the Shooter (Deep Elf Hunter)                     Turns: 821, Time: 00:00:03

Health: -2/20      AC:  3    Str: 10    XL:     3   Next: 14%
Magic:  5/5        EV: 12    Int: 13    God:
Gold:   22         SH:  0    Dex: 18    Spells: 2/2 levels left

rFire   . . .        a - +0 shortbow
rCold   . . .        (shield currently unavailable)
rNeg    . . .        c - +0 leather armour
rPois   .            (no helmet)
rElec   .            (no cloak)
rCorr   .            (no gloves)
SInv    .            (no boots)
Will    .....        (no amulet)
Stlth   ++           (no ring)
HPRegen 0.23/turn    (no ring)
MPRegen 0.09/turn

%: no passive effects
@: about to teleport
A: no striking features
a: no special abilities


You were on level 1 of the Dungeon.
You visited 1 branch of the dungeon, and saw 2 of its levels.

You collected 22 gold pieces.


   Skills:
 - Level 1.5 Fighting
 + Level 6.7 Ranged Weapons
 - Level 2.4 Dodging
 - Level 1.2 Stealth


You had 2 spell levels left.
You didn't know any spells.
Your spell library was empty.

Inventory:

Hand Weapons
 a - a +0 shortbow (weapon)
Armour
 c - a +0 leather armour (worn)
Potions
 e - a potion of resistance {unknown}
 f - a potion of lignification {unknown}

Dungeon Overview and Level Annotations

Branches:
Dungeon (2/15)

Altars:

Annotations:
D:1 Jessica


Message History

What level of the Dungeon? (default 1, ? - help)
There is a stone staircase leading down here.
You climb downwards.
Found a scroll labelled VUSKOA SORGHOTO.
There is a stone staircase leading up here.
There are monsters nearby!
Waypoint 1 assigned to D:2.
810 ||| STAIRDANCE You climb upwards.
There is a stone staircase leading down here.
You climb downwards.
Level annotation: Jessica
There is a stone staircase leading up here.
814 ||| STAIRDANCE You climb upwards.
There is a stone staircase leading down here.
You climb downwards.
Level annotation: Jessica The endoplasm quivers.
The endoplasm barely misses you.
Jessica shouts!
There is a stone staircase leading up here.
You shoot an arrow. The arrow hits Jessica.
Jessica is severely wounded.
A giant cockroach comes into view.
The endoplasm freezes you.
You are frozen.
Jessica hits you with a +0 club.
819 ||| STAIRDANCE The endoplasm closely misses you.
Jessica points at you and mumbles some strange words.
Pain shoots through your body!
Ouch! That really hurt!
You climb upwards.
There is a stone staircase leading down here.
821 ||| READING scroll of teleportation.
As you read the scroll of teleportation, it crumbles to dust.
You feel strangely unstable. The endoplasm freezes you.
You are frozen.
Jessica hits you with a +0 club.
You die...

...# #......###....#.# #.#
...#####......##.....#.# #.#
............#.##.###...# #.#
..........###.##.###..#########.#
...######.....##.##...^.........#
.#.......#######.##.........#####
.#.###...........##.........#
.#.# #.#####....J.'......(..#
.#.# #......#...@@#.........#
.#.########.#.#####.........#
.#.......##.#.# #...).....#
.#.##.......#.###################
...##.##....#..............?..%..
.####.#...#.#####################
##....#)......#...............# #
.......##.#.#.#.#....########)# #
.#.###.##.#.#.#.##.#..........# #


You could see Jessica and an endoplasm.

Vanquished Creatures
  A dart slug (D:1)
  3 endoplasms (D:1)
  A giant cockroach (D:1)
  3 goblins (D:1)
  4 hobgoblins (D:1)
  3 kobolds (D:1)
  3 quokkas (D:1)
  3 ball pythons (D:1)
  2 bats (D:1)
  5 rats (D:1)
28 creatures vanquished.

Notes
Turn   | Place    | Note
-------+----------+-------------------------------------------
     0 | D:1      | qw the Deep Elf Hunter began the quest for the Orb.
     0 | D:1      | Reached XP level 1. HP: 12/12 MP: 3/3
     0 | D:1      | 0 ||| qw: Version: 0.3-a-155-g5e7d8dd
     0 | D:1      | 0 ||| qw: Game counter: 451
     0 | D:1      | 0 ||| qw: Melee chars always use a shield: true
     0 | D:1      | 0 ||| qw: God list: Okawaru
     0 | D:1      | 0 ||| qw: Allow faded altars: false
     0 | D:1      | 0 ||| qw: Do Orc after clearing Dungeon:15 true
     0 | D:1      | 0 ||| qw: Do second Lair branch before Depths: true
     0 | D:1      | 0 ||| qw: Lair rune preference: random
     0 | D:1      | 0 ||| qw: Goals: Normal
     0 | D:1      | 0 ||| PLANNING D:1-11
   111 | D:1      | Reached XP level 2. HP: 13/16 MP: 4/4
   113 | D:1      | Reached skill level 6 in Ranged Weapons
   429 | D:1      | Reached XP level 3. HP: 18/20 MP: 5/5
   784 | D:1      | 784 ||| READING 2 scrolls labelled ZUJITA SISOSCH.
   788 | D:1      | 788 ||| DROPPING scroll of butterflies.
   809 | D:2      | Noticed Jessica
   810 | D:2      | 810 ||| STAIRDANCE
   814 | D:2      | 814 ||| STAIRDANCE
   819 | D:2      | 819 ||| STAIRDANCE
   819 | D:2      | HP: 1/20 [Jessica/nerve-wracking pain (11)]
   821 | D:1      | 821 ||| READING scroll of teleportation.
   821 | D:1      | Slain by Jessica

Levels and vault maps discovered:
D:1:      ebering_trefoil_twist, layout_basic
D:2:      layout_rooms, minmay_misc_feat_alley, uniq_jessica

Skill      XL: |  1  2 |
---------------+-------+-----
Ranged Weapons | 6 |  6.7
Fighting       | |  1.5
Dodging        | |  2.4
Stealth        | |  1.2

Action                     || total
---------------------------++-------
   Fire: Shortbow          ||    69
    Use: Scroll            ||     2
 Armour: Leather armour    ||    13
  Dodge: Dodged            ||    12

Table legend:
 A = Non-vault XP
 B = Vault XP
 C = Vault XP percentage of total XP
 D = Non-vault monster count
 E = Vault monster count
 F = Vault count percentage of total count
                 A         B        C        D         E       F
            +---------+---------+-------+---------+---------+-------
      Total |      49 |       0 |   0.0 |      28 |       0 |   0.0
            +---------+---------+-------+---------+---------+-------
        D:1 |      49 |       0 |   0.0 |      28 |       0 |   0.0
            +---------+---------+-------+---------+---------+-------
